 Dungeon Crawl Stone Soup version 0.17-a0-2027-gcac42c4 (webtiles) character file.

18 graki42 the Ruffian (level 2, -1/25 HPs)
             Began as a Naga Transmuter on Oct 10, 2015.
             Slain by a kobold
             ... wielding a +0 short sword
              (4 damage)
             ... on level 1 of the Dungeon.
             The game lasted 00:01:42 (540 turns).

graki42 the Ruffian (Naga Transmuter)                Turns: 540, Time: 00:01:42

Health: -1/25      AC:  1    Str: 12    XL:     2   Next: 66%
Magic:  5/5        EV: 10    Int: 13    God:
Gold:   62         SH:  0    Dex: 11    Spells: 1 memorised, 4 levels left

rFire  . . .     SeeInvis +       - Unarmed
rCold  . . .     Clarity  .     b - +0 robe
rNeg   . . .     SustAt   .     (no shield)
rPois  +         Gourm    .     (no helmet)
rElec  .         Spirit   .     (no cloak)
rCorr  .         Warding  .     (no gloves)
rMut   .         Stasis   .     (no barding)
MR     .....                    (no amulet)
Stlth  +.........               (no ring)
                                (no ring)

@: appendage (expiring), very slow, not resistant to hostile enchantments, very
unstealthy
A: horns 2, see invisible, deformed body, poison resistance, slowness 2, slow
metabolism 1, spit poison 2, AC +0
a: Spit Poison, End Transformation


You were on level 1 of the Dungeon.
You were not hungry.
You had grown temporary horns.
You visited 1 branch of the dungeon, and saw 1 of its levels.

You collected 62 gold pieces.

Inventory:

Missiles
 a - 12 arrows
Armour
 b - a +0 robe (worn)
Jewellery
 f - an uncursed ring of see invisible {unknown}
Potions
 e - a potion of flight {unknown}
 g - a potion of might {unknown}
 h - a potion of curing {unknown}
Books
 c - a book of Changes

   Spells                             Type                      Level
   a - Beastly Appendage              Transmutation                1
   b - Sticks to Snakes               Transmutation                2
   c - Spider Form                    Transmutation/Poison         3
   d - Ice Form                       Ice/Transmutation            4
   e - Blade Hands                    Transmutation                5
Comestibles
 d - a bread ration


   Skills:
 + Level 1.1 Fighting
 + Level 1.7 Dodging
 + Level 3.3 Unarmed Combat
 + Level 2.0 Spellcasting
 + Level 2.4 Transmutations


You had 4 spell levels left.
You knew the following spells:

 Your Spells              Type           Power        Failure   Level  Hunger
a - Beastly Appendage     Trmt           #.....       12%         1    ##.....


Dungeon Overview and Level Annotations

Branches:
Dungeon (1/15)

Altars:


Innate Abilities, Weirdness & Mutations

You cannot wear boots.
Your serpentine skin is tough (AC +0).
You have supernaturally acute eyesight.
Armour fits poorly on your strangely shaped body.
Your system is resistant to poisons.
You cover ground very slowly.
You have a slow metabolism.
You can spit poison.
You have a pair of horns on your head.


Message History

You closely miss the kobold.
The kobold is severely wounded.
The kobold barely misses you.
You closely miss the kobold. Your headbutt misses the kobold.
The kobold is severely wounded.
The kobold hits you with a short sword.
You closely miss the kobold.
The kobold is severely wounded.
The kobold hits you with a short sword.
* * * LOW HITPOINT WARNING * * *
You barely miss the kobold. Your headbutt misses the kobold.
The kobold is severely wounded.
The kobold hits you with a short sword.
* * * LOW HITPOINT WARNING * * *
You hit the kobold but do no damage.
The kobold is severely wounded.
You hit the kobold.
The kobold is almost dead.
The kobold hits you with a short sword.
You die...

.##(..........#
#...##.#.#
.##.....#######
#...##.#.#
.#############
#...##...#
.#...........#
#######..#
.#...........# #..#
.#...........# ##รท##
.#...........######
#..#
.#................#####
#..#
................@K....#
##.#
#########.........###.#
#.# #.........# #.##
########### #..#
#..##### #.......
#...#### #..>....
#.######


You could see a kobold.

Vanquished Creatures
  A giant gecko (D:1)
  A goblin (D:1)
  2 hobgoblins (D:1)
  7 bats (D:1)
  A giant cockroach (D:1)
  3 kobolds (D:1)
  A rat (D:1)
16 creatures vanquished.

Notes
Turn   | Place    | Note
--------------------------------------------------------------
     0 | D:1      | graki42 the Naga Transmuter began the quest for the Orb.
     0 | D:1      | Reached XP level 1. HP: 18/18 MP: 3/3
   155 | D:1      | Reached XP level 2. HP: 18/25 MP: 3/5
   540 | D:1      | Slain by a kobold

Vault maps used:
D:1:      dpeg_arrival_ternary

Action                   || total
-------------------------++-------
Melee: Unarmed           ||    53
 Cast: Beastly Appendage ||    14
